 Dungeon Crawl Stone Soup version 0.28-a0-1038-g9c4cb8273d (webtiles) character file.

Game seed: 2258069277651019373

94 garbled the Grave Robber (level 4, -7/22 HPs)
             Began as a Vine Stalker Necromancer on Dec 8, 2021.
             Blown up by Ijyb (11 damage)
             ... with a mindburst bolt
             ... on level 3 of the Dungeon.
             The game lasted 00:06:46 (2818 turns).

garbled the Grave Robber (Vine Stalker Necromancer) Turns: 2818, Time: 00:06:47

Health: -7/22      AC:  4    Str: 10    XL:     4   Next: 63%
Magic:  0/9        EV: 12    Int: 17    God:
Gold:   75         SH:  0    Dex: 15    Spells: 4/9 levels left

rFire   . . .      SeeInvis .   n - staff of poison
rCold   . . .      Faith    .   (no shield)
rNeg    . . .      Spirit   +   i - +0 robe
rPois   +          Reflect  .   e - +2 hat
rElec   .          Harm     .   (no cloak)
rCorr   .          Rampage  .   (no gloves)
Will    .....                   (no boots)
Stlth   ++........              (no amulet)
HPRegen 0.87/turn               (no ring)
MPRegen 0.11/turn               (no ring)

@: no status effects
A: fangs 2, regeneration 1, magic shield, antimagic bite, no potion heal 2
a: no special abilities


You were on level 3 of the Dungeon.
You visited 1 branch of the dungeon, and saw 3 of its levels.

You collected 75 gold pieces.

Inventory:

Hand Weapons
 a - a +0 spear
 b - a +0 dagger
 j - a +0 trident
Missiles
 d - 100 stones
Armour
 e - a +2 hat (worn)
 g - a +0 kite shield
 i - a +0 robe (worn)
Magical Staves
 n - a staff of poison (weapon)
Scrolls
 f - 6 scrolls of identify {unknown}
 h - a scroll of fog {unknown}
 o - 2 scrolls of teleportation {unknown}
Potions
 c - a potion of lignification {unknown}
 k - a potion of degeneration {unknown}
 l - a potion of berserk rage {unknown}
 m - a potion of attraction {unknown}
 p - a potion of haste {unknown}
 q - a potion of brilliance {unknown}
 r - a potion of cancellation {unknown}


   Skills:
 + Level 1.5 Fighting
 + Level 0.6 Staves
 - Level 1.5 Dodging
 - Level 2.4 Stealth
 + Level 0.9 Shields
 + Level 3.0 Spellcasting
 * Level 4.5 Necromancy
 + Level 0.8 Evocations


You had 4 spell levels left.
You knew the following spells:

 Your Spells              Type           Power      Damage    Failure   Level
a - Pain                  Necr           72%        1d7       2%          1
b - Animate Skeleton      Necr           36%        N/A       2%          1
c - Vampiric Draining     Necr           18%        2d7       9%          3

Your spell library contained the following spells:

 Spells                   Type           Power      Damage    Failure   Level
 Animate Dead             Necr           9%         N/A       26%         4
 Dazzling Flash           Conj/Hex       4%         N/A       45%         3
 Agony                    Necr           18%        N/A       58%         5
 Silence                  Hex/Air        1%         N/A       99%         5


Dungeon Overview and Level Annotations

Branches:
Dungeon (3/15)

Altars:
Uskayaw

Annotations:
D:3 Ijyb


Innate Abilities, Weirdness & Mutations

You have extremely sharp teeth.
Your natural rate of healing is unusually fast.
When hurt, damage is shared between your health and your magic reserves.
Your bite disrupts and absorbs the magic of your enemies.
Potions cannot restore your health.


Message History

You barely miss the worm.
The worm is moderately wounded.
The worm bites you.
You hit the worm.
The worm is heavily wounded.
You barely miss the worm.
The worm is heavily wounded.
The worm misses you.
You hit the worm. You bite the worm. You drain its power.
You feel invigorated.
The worm is severely wounded.
The worm bites you.
You hit the worm. You bite the worm.
You kill the worm!
No target in view!
No target in view!
HP restored.
You now have 75 gold pieces (gained 10).
Found a stone staircase leading up.
Ijyb the Twisted Goblin comes into view.
She is wielding a +0 club and carrying a wand of mindburst (21).
Found a robe.
Ijyb shouts!
Ijyb zaps a wand.
Your mind is blasted!
Ijyb hits you with a +0 club.
You closely miss Ijyb. Your bite misses Ijyb.
Ijyb zaps a wand.
You struggle to resist.
You hit Ijyb but do no damage. Ijyb closely misses you.
You hit Ijyb but do no damage. Your bite misses Ijyb.
Ijyb hits you with a +0 club.
You hit Ijyb but do no damage. Your bite misses Ijyb. Ijyb barely misses you.
You closely miss Ijyb. Your bite misses Ijyb.
Ijyb zaps a wand.
You struggle to resist.
You hit Ijyb but do no damage. Ijyb screams, "Me kill you!"
Ijyb zaps a wand.
Your mind is blasted!
Ouch! That really hurt!
* * * LOW HITPOINT WARNING * * *
You closely miss Ijyb. You bite Ijyb, but do no damage.
Ijyb closely misses you.
Ijyb zaps a wand.
Your mind is blasted!
Ouch! That really hurt!
You die...

...........#.#..##.
.#####.#...#.#......#.
.# #...........#.....
.# #.#.......#...#..#
# ##
#.#.#####.#......#.#
##.#.. ..........
#<..## ##...... #...#
##.g###.# #...#
##@.....# #...#
#.....### ###...######
#.###.#
...........####.# #
................#
...........####?....#
###...###### #...###
#...# #...# #...#
#...(.


You could see Ijyb.

Vanquished Creatures
  Terence (D:2)
  An adder (D:3)
  A worm (D:3)
  A dart slug (D:1)
  6 ball pythons
  3 endoplasms
  4 giant cockroaches
  8 goblins
  4 hobgoblins
  2 quokkas
  2 bats
  5 frilled lizards
  5 kobolds
  4 rats
47 creatures vanquished.

Vanquished Creatures (collateral kills)
  An endoplasm (D:1)
  A giant cockroach (D:1)
2 creatures vanquished.

Grand Total: 49 creatures vanquished

Notes
Turn   | Place    | Note
-------+----------+-------------------------------------------
     0 | D:1      | garbled the Vine Stalker Necromancer began the quest for
                  | the Orb.
     0 | D:1      | Reached XP level 1. HP: 9/9 MP: 4/4
    28 | D:1      | Learned a level 1 spell: Animate Skeleton
    55 | D:1      | Found a faded altar of an unknown god.
   220 | D:1      | Reached XP level 2. HP: 13/14 MP: 6/6
   905 | D:1      | Reached skill level 1 in Fighting
  1122 | D:1      | Reached XP level 3. HP: 14/18 MP: 4/8
  1289 | D:1      | Learned a level 3 spell: Vampiric Draining
  1809 | D:2      | Found a hide-covered altar of Uskayaw.
  2251 | D:2      | Noticed Terence
  2270 | D:2      | Killed Terence
  2271 | D:2      | Gained mutation: Your natural rate of healing is unusually
                  | fast. [Vine Stalker growth]
  2271 | D:2      | Reached XP level 4. HP: 18/22 MP: 1/9
  2615 | D:3      | Found a faded altar of an unknown god.
  2807 | D:3      | Noticed Ijyb
  2818 | D:3      | Blown up by Ijyb

Illustrated notes

Levels and vault maps discovered:
D:1:      erik_arrival_cave_to_civilisation [erik_arrival_cave_to_hall],
          layout_loops_ring, hellmonk_ecumenical_altar_inner_sanctum,
          hangedman_decor_points, minmay_pentomino_v4
D:2:      layout_loops_cross, basic_altar, uniq_terence
D:3:      layout_loops_cross, nicolae_overflow_ecumenical_swirl,
          minmay_ogre_servants, uniq_ijyb

Skill      XL: |  1  2  3  4 |
---------------+-------------+-----
Fighting       | 1 |  1.5
Spellcasting   | 3 |  3.0
Staves         | |  0.6
Dodging        | |  1.5
Stealth        | |  2.4
Shields        | |  0.9
Necromancy     | |  4.5
Evocations     | |  0.8

Action                   |  1- 3 |  4- 6 || total
-------------------------+-------+-------++-------
Melee: Dagger            |    39 |     3 ||    42
       Bite              |    21 |    17 ||    38
       Staff             |    33 |    55 ||    88
       Trident           |    12 |       ||    12
 Cast: Pain              |    20 |       ||    20
       Animate Skeleton  |     4 |       ||     4
       Vampiric Draining |     1 |       ||     1
 Stab: Sleeping          |     9 |     1 ||    10
Armor: Robe              |    17 |     9 ||    26
Dodge: Dodged            |    52 |    40 ||    92

Table legend: (Time is in decaauts)
 A = Elapsed time spent in this place.
 B = Non-inter-level travel time spent in this place.
 C = Inter-level travel time spent in this place.
 D = Time resting spent in this place.
 E = Time spent auto-exploring this place.
 F = Levels seen in this place.
 G = Mean time per level.
                   A        B        C        D        E       F      G
               +--------+--------+--------+--------+--------+-----+--------+
         Total |   2834 |   2794 |     40 |    365 |   1866 |   3 |  944.7 |
       Dungeon |   2834 |   2794 |     40 |    365 |   1866 |   3 |  944.7 |
               +--------+--------+--------+--------+--------+-----+--------+

Top non-repeatable levels by time:
     D:1: 1653 daAuts
     D:2: 831 daAuts
     D:3: 349 daAuts
